AoeStats
← AimbotV.3

Arabia

503758749Analyzed
4v4 RM · 1mo ago on Sep 2, 2026· 61m 57s· 8 players
Game mode
Random Map
Map size
Large (8 player)
Population
200
Speed
Normal
Resources
Standard
Victory
Conquest
Starting age
Dark Age
Ending age
Imperial Age
RankedLock teamsTeams togetherTeam positionsShared explorationLock speedFull tech treeHidden civsTurbo modeCheats
Victory
Defeat
🇺🇸 Hindustanis · United States
799
+14
🇯🇴 Teutons · Jordan
743
+17
🇯🇴 Teutons · Jordan
734
+17
🇦🇷 Mongols · Argentina
724
+18
🇲🇽 Mongols · Mexico
866
-21
🇲🇽 Bohemians · Mexico
769
-17
🇲🇽 Sicilians · Mexico
718
-20
🇲🇽 Vietnamese · Mexico
697
-14
Mr.Hail
13:18 Feudal Age
14:34 Wheelbarrow
13:55 Double-Bit Axe
21:20 Castle Age
20:08 Gold Mining
20:10 Stone Mining
21:16 Loom
21:33 Horse Collar
23:09 Bow Saw
26:05 Heavy Plow
26:24 Fletching
27:05 Hand Cart
30:25 Gold Shaft Mining
36:01 Imperial Age
34:35 Town Watch
35:29 Town Patrol
35:32 Padded Archer Armor
36:39 Ballistics
37:57 Chemistry
37:48 Conscription
37:37 Scale Barding Armor
37:43 Forging
38:57 Two-Man Saw
38:53 Shatagni
40:12 Leather Archer Armor
40:23 Grand Trunk Road
40:25 Heavy Camel Rider
42:38 Ring Archer Armor
42:29 Bloodlines
44:39 Husbandry
45:05 Chain Barding Armor
45:21 Iron Casting
45:42 Imperial Camel Rider
47:01 Plate Barding Armor
46:23 Bodkin Arrow
50:56 Blast Furnace
53:27 Thumb Ring
54:35 Hoardings
54:56 Bracer
AimbotV.3
12:22 Loom
16:26 Feudal Age
17:10 Gold Mining
17:10 Stone Mining
17:08 Double-Bit Axe
17:06 Horse Collar
25:35 Castle Age
26:53 Bow Saw
31:42 Wheelbarrow
31:14 Heavy Plow
32:12 Forging
32:08 Scale Barding Armor
32:05 Padded Archer Armor
32:15 Scale Mail Armor
32:06 Fletching
32:07 Elite Skirmisher
35:11 Stone Shaft Mining
35:42 Hand Cart
37:02 Leather Archer Armor
38:37 Bodkin Arrow
40:21 Iron Casting
50:05 Imperial Age
50:55 Chain Mail Armor
51:01 Chain Barding Armor
51:34 Cavalier
58:17 Two-Man Saw
57:52 Crop Rotation
seraj
10:42 Feudal Age
11:27 Double-Bit Axe
14:03 Loom
17:10 Castle Age
14:57 Horse Collar
17:43 Bloodlines
18:20 Forging
24:45 Wheelbarrow
24:15 Heavy Plow
26:33 Hand Cart
27:17 Scale Barding Armor
30:04 Chain Barding Armor
30:19 Iron Casting
37:39 Imperial Age
37:50 Cavalier
43:27 Plate Barding Armor
43:52 Blast Furnace
42:53 Scale Mail Armor
49:01 Paladin
53:45 Bow Saw
GAZ
5:45 Loom
15:16 Feudal Age
15:59 Horse Collar
16:08 Double-Bit Axe
21:28 Man-at-Arms
24:38 Padded Archer Armor
24:29 Fletching
26:16 Wheelbarrow
29:12 Castle Age
28:45 Forging
31:05 Thumb Ring
30:21 Crossbowman
31:24 Leather Archer Armor
31:06 Bodkin Arrow
31:47 Iron Casting
31:17 Elite Skirmisher
34:53 Bow Saw
34:46 Heavy Plow
35:18 Hand Cart
41:07 Imperial Age
43:27 Stone Mining
43:31 Gold Mining
43:06 Arbalester
45:17 Husbandry
45:28 Bloodlines
45:43 Scale Barding Armor
45:39 Bracer
45:40 Scale Mail Armor
46:52 Elite Steppe Lancer
49:57 Chain Mail Armor
50:03 Chain Barding Armor
56:06 Stone Shaft Mining
56:09 Gold Shaft Mining
Hurrynd
11:33 Feudal Age
16:42 Castle Age
15:08 Loom
15:14 Double-Bit Axe
18:48 Bow Saw
18:21 Horse Collar
18:46 Fletching
21:48 Padded Archer Armor
23:14 Wheelbarrow
23:21 Bodkin Arrow
24:31 Padded Archer Armor
25:41 Leather Archer Armor
27:04 Hand Cart
27:24 Fervor
28:00 Town Watch
29:06 Ballistics
28:57 Gold Mining
29:16 Heavy Plow
30:59 Gold Shaft Mining
31:10 Town Patrol
31:29 Husbandry
31:39 Bloodlines
36:40 Imperial Age
35:34 Masonry
35:33 Scale Barding Armor
34:51 Light Cavalry
36:03 Thumb Ring
39:38 Chemistry
40:42 Parthian Tactics
40:58 Siege Engineers
42:17 Bracer
43:14 Elite Mangudai
44:17 Drill
44:27 Chain Barding Armor
45:19 Hoardings
45:17 Hussar
49:32 Forging
49:12 Arson
51:53 Onager
checoc
2:18 Loom
11:16 Feudal Age
12:49 Wheelbarrow
12:00 Town Watch
15:36 Double-Bit Axe
20:35 Horse Collar
27:05 Castle Age
26:54 Forging
26:46 Scale Mail Armor
28:35 Hand Cart
29:49 Heavy Plow
33:13 Stone Mining
33:14 Gold Mining
34:11 Bow Saw
34:39 Iron Casting
36:10 Caravan
40:46 Imperial Age
43:02 Blast Furnace
43:37 Chemistry
42:58 Ballistics
42:52 Murder Holes
43:39 Heated Shot
44:32 Crop Rotation
44:36 Chain Mail Armor
44:43 Elite Serjeant
HAMP95
10:29 Feudal Age
11:06 Double-Bit Axe
12:00 Horse Collar
17:42 Wheelbarrow
18:37 Arson
18:58 Scale Mail Armor
19:44 Forging
20:32 Man-at-Arms
27:15 Castle Age
28:14 Hand Cart
28:44 Bow Saw
29:21 Fletching
30:08 Iron Casting
29:40 Squires
30:19 Long Swordsman
30:53 Treadmill Crane
32:22 Pikeman
35:12 Chemistry
36:43 Bodkin Arrow
36:48 Padded Archer Armor
40:19 Imperial Age
38:53 Heavy Plow
40:47 Leather Archer Armor
41:23 Masonry
artanisz1
8:22 Loom
11:13 Feudal Age
15:05 Double-Bit Axe
15:15 Fletching
17:38 Horse Collar
22:13 Wheelbarrow
27:15 Castle Age
25:34 Forging
26:52 Arson
27:02 Gold Mining
28:13 Bodkin Arrow
27:53 Pikeman
29:30 Crossbowman
30:21 Squires
36:13 Thumb Ring
37:43 Iron Casting
37:57 Scale Mail Armor
38:48 Hand Cart
38:20 Town Watch
38:48 Bow Saw
46:40 Imperial Age
47:01 Padded Archer Armor
Connection lost

Rejoining the realm…

Still unreachable

The connection could not be restored.

Session expired

The server has moved on; the page needs a fresh start.